 Seeded DCSS version 0.29-a0-344-ge2f44be95a (webtiles) character file.

Game seed: 1450950038153131384 (custom seed)

4 zeratav the Firebug (level 1, 0/11 HPs)
             Began as an Octopode Fire Elementalist on Apr 21, 2022.
             Slain by a hobgoblin (5 damage)
             ... on level 1 of the Dungeon.
             The game lasted 00:00:51 (198 turns).

zeratav the Firebug (Octopode Fire Elementalist)     Turns: 198, Time: 00:00:51

Health: 0/11       AC:  1    Str:  7    XL:     1   Next: 70%
Magic:  1/3        EV: 13    Int: 17    God:
Gold:   0          SH:  0    Dex: 12    Spells: 3/4 levels left

rFire   . . .      SeeInvis .   (no weapon)
rCold   . . .      Faith    .   (no shield)
rNeg    . . .      Spirit   .   (helmet restricted)
rPois   .          Reflect  .   (no amulet)
rElec   .          Harm     .   (no ring)
rCorr   .          Rampage  .   (no ring)
Will    .....                   (no ring)
Stlth   +++.......              (no ring)
HPRegen 0.03/turn               (no ring)
MPRegen 0.08/turn               (no ring)
                                (no ring)
                                (no ring)

@: very slightly contaminated
A: almost no armour, amphibious, 8 rings, camouflage 1, gelatinous body 1,
(nimble swimmer 1), tentacles
a: no special abilities


You were on level 1 of the Dungeon.
You visited 1 branch of the dungeon, and saw 1 of its levels.


Innate Abilities, Weirdness & Mutations

You cannot wear most types of armour.
You are amphibious.
You can wear up to eight rings at the same time.
Your skin changes colour to match your surroundings (Stealth+).
Your rubbery body absorbs attacks. (AC +1, EV +1)
((You are camouflaged when in or above water. (Stealth+)))
You have tentacles for arms and can constrict up to eight enemies at once.


   Skills:
 - Level 2.0 Dodging
 - Level 2.6 Stealth
 - Level 2.0 Spellcasting
 - Level 1.0 Conjurations
 + Level 3.3 Fire Magic


You had 3 spell levels left.
You knew the following spells:

 Your Spells              Type           Power      Damage    Failure   Level
a - Foxfire               Conj/Fire      36%        2x1d5     8%          1

Your spell library contained the following spells:

 Spells                   Type           Power      Damage    Failure   Level
 Scorch                   Fire           26%        2d6       8%          2
 Conjure Flame            Conj/Fire      9%         6-21      24%         3
 Inner Flame              Hex/Fire       7%         N/A       28%         3
 Flame Wave               Conj/Fire      9%         2d5       61%         4

Inventory:

Hand Weapons
 b - a +0 great sword of freezing {long}
   (You found it on level 1 of the Dungeon)
Scrolls
 c - a scroll of teleportation {unknown}
Potions
 a - a potion of magic

Dungeon Overview and Level Annotations

Branches:
Dungeon (1/15)

Altars:

. . #. #
.##### #.
....# ..
...#
#.##..#
#..g@.#
†..!.##.##
##. #.#
#.# #.#
##.# #..#
#.## #+#
#.#


You could see a hobgoblin.


Message History

[Y]es or [N]o only, please.
Really attack while wielding nothing? [Y]es or [N]o only, please.
Really attack while wielding nothing? [Y]es or [N]o only, please.
Really attack while wielding nothing? [Y]es or [N]o only, please.
Really attack while wielding nothing? [Y]es or [N]o only, please.
Really attack while wielding nothing? [Y]es or [N]o only, please.
Really attack while wielding nothing? [Y]es or [N]o only, please.
Really attack while wielding nothing? [Y]es or [N]o only, please.
Really attack while wielding nothing? [Y]es or [N]o only, please.
Really attack while wielding nothing? [Y]es or [N]o only, please.
Really attack while wielding nothing? [Y]es or [N]o only, please.
Really attack while wielding nothing? [Y]es or [N]o only, please.
Really attack while wielding nothing?
The helpless hobgoblin fails to defend itself.
You tentacle-slap the hobgoblin but do no damage.
You grab the hobgoblin. Your squeeze misses the hobgoblin.
You constrict the hobgoblin, but do no damage.
The hobgoblin closely misses you.
You tentacle-slap the hobgoblin. Your squeeze misses the hobgoblin.
You constrict the hobgoblin. The hobgoblin hits you.
HP[-2]
You take 2 damage, and now have 9/11 hp.
You tentacle-slap the hobgoblin but do no damage.
You constrict the hobgoblin. The hobgoblin barely misses you.
You tentacle-slap the hobgoblin but do no damage.
You squeeze the hobgoblin.
You kill the hobgoblin!
You start resting.
HP[+2]
Your hp is fully restored (11).
A dart slug comes into view.
You conjure some foxfire!
MP[-1]
You lost 1 mp, and now have 2/3 mp.
You conjure some foxfire!
MP[-1]
You lost 1 mp, and now have 1/3 mp.
You conjure some foxfire!
The foxfire hits the dart slug. x3
MP[-1]
You lost 1 mp, and now have 0/3 mp.
You tentacle-slap the dart slug but do no damage.
You grab the dart slug. You constrict the dart slug.
The foxfire hits the dart slug.
You kill the dart slug!
A ball python comes into view.
MP[+3]
Your mp is fully restored (3).
You conjure some foxfire!
MP[-1]
You lost 1 mp, and now have 2/3 mp.
You conjure some foxfire!
The foxfire hits the ball python.
The ball python hisses angrily.
The foxfire hits the ball python.
You kill the ball python!
MP[-1]
You lost 1 mp, and now have 1/3 mp.
A hobgoblin comes into view.
You miscast Foxfire.
You are very lightly contaminated with residual magic.
Nothing appears to happen.
MP[-1]
You lost 1 mp, and now have 0/3 mp.
You tentacle-slap the hobgoblin. Your grab misses the hobgoblin.
The hobgoblin barely misses you.
You closely miss the hobgoblin. Your grab misses the hobgoblin.
The hobgoblin hits you.
HP[-1]
You take 1 damage, and now have 10/11 hp.
You tentacle-slap the hobgoblin. You grab the hobgoblin.
You constrict the hobgoblin, but do no damage.
The hobgoblin hits you.
* * * LOW HITPOINT WARNING * * *
HP[-5]
You take 5 damage, and now have 5/11 hp.
MASSIVE DAMAGE!! (PAUSE)
You are too injured to fight recklessly!
You are too injured to fight recklessly!
You are too injured to fight recklessly!
You are too injured to fight recklessly!
You are too injured to fight recklessly!
You are too injured to fight recklessly!
You are too injured to fight recklessly!
You are too injured to fight recklessly!
You are too injured to fight recklessly!
You are too injured to fight recklessly!
You tentacle-slap the hobgoblin but do no damage.
You constrict the hobgoblin, but do no damage.
The hobgoblin hits you.
You die...

Action                   || total
-------------------------++-------
Melee: Unarmed           ||     9
       Constrict         ||     3
       Tentacles         ||     1
 Cast: Foxfire           ||     5
 Stab: Sleeping          ||     1
Dodge: Dodged            ||     3

Levels and vault maps discovered:
D:1:      minmay_arrival_three_doors, layout_loops_corners

Notes
Turn   | Place    | Note
-------+----------+-------------------------------------------
     0 | D:1      | zeratav the Octopode Fire Elementalist began the quest for
                  | the Orb.
     0 | D:1      | Reached XP level 1. HP: 11/11 MP: 3/3
     0 | D:1      | magus.rc [v1.9.6]
   198 | D:1      | Slain by a hobgoblin

Vanquished Creatures
  A dart slug (D:1)
  A hobgoblin (D:1)
  A ball python (D:1)
3 creatures vanquished.

Vanquished Creatures (others)
  8 foxfires (D:1)
8 creatures vanquished.

Grand Total: 11 creatures vanquished

Table legend:
 A = Non-vault XP
 B = Vault XP
 C = Vault XP percentage of total XP
 D = Non-vault monster count
 E = Vault monster count
 F = Vault count percentage of total count
                 A         B        C        D         E       F
            +---------+---------+-------+---------+---------+-------
      Total |       7 |       0 |   0.0 |       3 |       0 |   0.0
            +---------+---------+-------+---------+---------+-------
        D:1 |       7 |       0 |   0.0 |       3 |       0 |   0.0
            +---------+---------+-------+---------+---------+-------

Illustrated notes

Table legend:
 A = Kills in this place as a percentage of kills in entire the game.
 B = Kills by you in this place as a percentage of kills by you in the entire game.
 C = Kills by friends in this place as a percentage of kills by friends in the entire game.
 D = Other kills in this place as a percentage of other kills in the entire game.
 E = Experience gained in this place as a percentage of experience gained in the entire game.
 F = Experience gained in this place divided by the number of levels of this place that you have seen.
                   A       B       C       D       E      F
               +-------+-------+-------+-------+-------+----------------------
         Total | 100.0 | 100.0 |   N/A |   N/A | 100.0 |   7.0
       Dungeon | 100.0 | 100.0 |   N/A |   N/A | 100.0 |   7.0
               +-------+-------+-------+-------+-------+----------------------

Table legend: (Time is in decaauts)
 A = Elapsed time spent in this place.
 B = Non-inter-level travel time spent in this place.
 C = Inter-level travel time spent in this place.
 D = Time resting spent in this place.
 E = Time spent auto-exploring this place.
 F = Levels seen in this place.
 G = Mean time per level.
                   A        B        C        D        E       F      G
               +--------+--------+--------+--------+--------+-----+--------+
         Total |    198 |    198 |      0 |     39 |    123 |   1 |  198.0 |
       Dungeon |    198 |    198 |      0 |     39 |    123 |   1 |  198.0 |
               +--------+--------+--------+--------+--------+-----+--------+

Top non-repeatable levels by time:
     D:1: 198 daAuts
